Washington Capitals vs Arizona Coyotes (R2)

Created - Saturday, September 27, 2025 at 08:29

Goals
1 2 3 T
Washington Capitals 2 1 2 5
Arizona Coyotes 1 0 1 2
Shots
1 2 3 T
Washington Capitals 11 15 7 33
Arizona Coyotes 9 5 15 29

1st period

1. Washington Capitals , Tom Wilson 17 (Nico Hischier 26, Tyler Myers 10) at 2:24
2. Arizona Coyotes , Ryan Donato 14 (Tyler Seguin 27, Brayden McNabb 9) at 8:50 (PP)
3. Washington Capitals , James van Riemsdyk 6 (Owen Tippett 14, Nico Hischier 27) at 19:58

Penalties :
Brayden McNabb (AZC) for Hooking (Minor) at 2:51, Tom Wilson (WSH) for Hooking (Minor) at 8:04

2nd period

4. Washington Capitals , Drake Batherson 17 (Tomas Hertl 16) at 6:27

Penalties :
Brayden McNabb (AZC) for Tripping (Minor) at 8:21, Jared Spurgeon (AZC) for Roughing (Minor) at 17:32

3rd period

5. Arizona Coyotes , Ryan Donato 15 (Erik Haula 12, Brock McGinn 3) at 6:16
6. Washington Capitals , Alex Ovechkin 22 (Nico Hischier 28, John Carlson 21) at 11:50 (PP)
7. Washington Capitals , Owen Tippett 10 (Thomas Harley 14) at 15:41

Penalties :
Anthony DeAngelo (AZC) for Tripping (Minor) at 2:58, Brayden McNabb (AZC) for Hooking (Minor) at 11:02, Ian Cole (WSH) for Hooking (Minor) at 18:03

Goalie Stats

Jake Oettinger (WSH), 27 saves from 29 shots - (0.931), W, 16-17-2, 60:00 minutes
Elvis Merzlikins (AZC), 14 saves from 17 shots - (0.824), L, 18-9-2, 26:27 minutes
Tristan Jarry (AZC), 14 saves from 16 shots - (0.875), 33:33 minutes

Players Stats for Washington Capitals

Player Name              G  A  P  +/- PIM S  H  SB GA TA FO     MP     PP MP  PK MP  
------------------------------------------------------------------------------------
Alex Ovechkin            1  0  1   0  0   5  1  0  0  0  1/2    20:27   4:23   0:00 
Drake Batherson          1  0  1   1  0   4  1  0  1  0  0/1    18:20   4:21   0:02 
Fabian Zetterlund        0  0  0   0  0   3  1  0  1  0  0/0     7:38   0:00   0:00 
Ian Cole                 0  0  0   0  2   1  3  3  0  0  0/0    18:57   0:00   0:15 
James van Riemsdyk       1  0  1   2  0   1  1  0  1  1  0/0    10:55   0:00   0:00 
Jamie Oleksiak           0  0  0   1  0   0  1  1  0  0  0/0    13:35   0:00   1:20 
Jason Robertson          0  0  0   1  0   1  3  1  0  0  1/3    18:18   4:21   0:00 
John Carlson             0  1  1   0  0   1  1  0  0  0  0/0    24:30   4:18   1:22 
Lars Eller               0  0  0   2  0   1  1  0  0  0  6/7    12:17   0:00   1:22 
Nick Jensen              0  0  0   1  0   1  0  2  0  2  0/0    12:41   0:00   0:26 
Nico Hischier            0  3  3   0  0   1  0  0  0  0  12/24  20:27   4:23   0:00 
Owen Tippett             1  1  2   2  0   5  3  0  0  1  1/1    16:42   4:18   1:22 
Sean Kuraly              0  0  0   0  0   1  1  0  0  0  3/4     8:56   0:00   1:18 
Stefan Noesen            0  0  0   0  0   0  1  1  1  0  1/1     8:56   0:00   1:18 
Thomas Harley            0  1  1   2  0   2  1  0  2  0  0/0    22:41   4:26   0:46 
Tom Wilson               1  0  1   0  2   4  5  0  1  0  1/2    20:28   4:23   0:02 
Tomas Hertl              0  1  1   1  0   0  1  0  0  0  15/20  18:18   4:21   0:00 
Tyler Myers              0  1  1   2  0   2  1  1  0  1  0/0    23:10   4:26   1:15 

Players Stats for Arizona Coyotes

Player Name              G  A  P  +/- PIM S  H  SB GA TA FO     MP     PP MP  PK MP  
------------------------------------------------------------------------------------
Aliaksei Protas          0  0  0   0  0   4  1  1  1  0  2/15   20:38   1:31   4:11 
Anthony DeAngelo         0  0  0   0  2   0  1  1  0  0  0/0    12:48   0:00   0:00 
Brayden McNabb           0  1  1  -2  6   0  2  2  0  2  0/0    18:18   1:21   1:58 
Brock McGinn             0  1  1   1  0   0  1  0  1  1  1/1     6:14   0:00   0:00 
Charlie Coyle            0  0  0  -1  0   7  2  0  0  0  12/26  25:35   1:11   4:24 
Erik Haula               0  1  1   1  0   0  2  0  0  0  0/2     7:17   0:00   0:28 
Jani Hakanpaa            0  0  0   0  0   1  1  0  0  1  0/0    15:38   0:00   3:10 
Jared Spurgeon           0  0  0  -2  2   0  0  4  0  1  0/0    19:51   1:21   3:25 
Johnathan Kovacevic      0  0  0  -1  0   1  1  1  0  0  0/0    20:27   1:21   4:15 
Kiefer Sherwood          0  0  0   0  0   0  1  0  1  0  0/1    16:30   1:31   0:00 
Mason McTavish           0  0  0  -3  0   1  2  0  0  0  2/9    12:49   0:00   0:00 
Mats Zuccarello          0  0  0   0  0   2  3  0  1  1  0/2    16:30   1:31   0:00 
Matt Dumba               0  0  0   0  0   0  1  0  0  1  0/0     6:49   0:00   0:25 
Ondrej Palat             0  0  0  -3  0   1  1  0  0  0  0/0    12:49   0:00   0:00 
Radko Gudas              0  0  0  -1  0   2  2  2  0  0  0/0    26:51   1:21   4:15 
Ryan Donato              2  0  2   0  0   5  0  0  0  0  4/6    19:38   1:11   4:07 
Tyler Bertuzzi           0  0  0  -3  0   3  0  2  1  0  0/0    12:49   0:00   0:00 
Tyler Seguin             0  1  1  -1  0   2  1  0  0  0  3/3    19:40   1:11   4:18 

3 Stars

1 - Owen Tippett (WSH)
2 - James van Riemsdyk (WSH)
3 - Nico Hischier (WSH)

Power Play

Washington Capitals - 1 on 5 Attempt(s) - 20.00%
Arizona Coyotes - 1 on 2 Attempt(s) - 50.00%

Penalty Kill

Washington Capitals - 1 on 2 Attempt(s) - 50.00% - Score 0 goal in Penalty Kill
Arizona Coyotes - 4 on 5 Attempt(s) - 80.00% - Score 0 goal in Penalty Kill

Team Stat

Washington Capitals - Hits : 26 - Faceoff Wins : 41 - Blocked Shots : 9 - Penalty Minutes : 4
Arizona Coyotes - Hits : 22 - Faceoff Wins : 24 - Blocked Shots : 13 - Penalty Minutes : 10

Official

Referees : Kevin Pollock and Graham Skilliter
Linesman : Bryan Pancich

Game Notes

Tristan Jarry enters game at 6:27 of 2nd period

Finance

Level 1 -- Attendance: 5404 (90.07%) -- Ticket Income $486,360
Level 2 -- Attendance: 4642 (92.84%) -- Ticket Income $232,100
Level 3 -- Attendance: 2853 (95.10%) -- Ticket Income $79,884
Level 4 -- Attendance: 4879 (97.58%) -- Ticket Income $97,580
Luxury Box -- Attendance: 977 (97.70%) -- Ticket Income $185,630
Game was played at the Gila River Arena.
Total Attendance: 18755 (93.78%)
Total Ticket Income: $1,081,554
Other Income: $378,544
Total Income: $1,460,098

Washington Capitals

5 vs 5 Forward 
   Center                   Left Wing                Right Wing               Time % Phy DF OF 
 1 Nico Hischier            Alex Ovechkin            Tom Wilson               33     1   1  3  
 2 Tomas Hertl              Drake Batherson          Jason Robertson          31     0   1  4  
 3 Lars Eller               Owen Tippett             James van Riemsdyk       25     1   2  2  
 4 Sean Kuraly              Stefan Noesen            Fabian Zetterlund        11     2   0  3  

5 vs 5 Defense 
   Defense                  Defense                                           Time % Phy DF OF 
 1 John Carlson             Ian Cole                                          38     0   2  3  
 2 Thomas Harley            Tyler Myers                                       35     0   2  3  
 3 Jamie Oleksiak           Nick Jensen                                       27     0   3  2  
 4 Jamie Oleksiak           Nick Jensen                                       0      1   2  2  

PowerPlay Forward 
   Center                   Left Wing                Right Wing               Time % Phy DF OF 
 1 Nico Hischier            Alex Ovechkin            Tom Wilson               50     0   0  5  
 2 Tomas Hertl              Drake Batherson          Jason Robertson          50     0   0  5  

PowerPlay Defense
   Defense                  Defense                                           Time % Phy DF OF 
 1 John Carlson             Owen Tippett                                      50     0   2  3  
 2 Thomas Harley            Tyler Myers                                       50     0   2  3  

Penalty Kill 4 Players Forward 
   Center                   Wing                     Time % Phy DF OF 
 1 Lars Eller               Owen Tippett             50     0   3  2  
 2 Sean Kuraly              Stefan Noesen            50     0   3  2  

Penalty Kill 4 Players Defense
   Defense                  Defense                  Time % Phy DF OF 
 1 John Carlson             Ian Cole                 50     0   4  1  
 2 Jamie Oleksiak           Tyler Myers              50     0   4  1  

Penalty Kill - 3 Players Forward 
   Forward                                           Time % Phy DF OF 
 1 Lars Eller                                        50     0   5  0  
 2 Sean Kuraly                                       50     0   5  0  

Penalty Kill - 3 Players Defense
   Defense                  Defense                  Time % Phy DF OF 
 1 John Carlson             Ian Cole                 50     2   3  0  
 2 Jamie Oleksiak           Tyler Myers              50     3   2  0  

4 vs 4 Forward 
   Center                   Wing                     Time % Phy DF OF 
 1 Nico Hischier            Owen Tippett             50     0   1  4  
 2 Tomas Hertl              Jason Robertson          50     0   1  4  

4 vs 4 Defense
   Defense                  Defense                  Time % Phy DF OF 
 1 John Carlson             Ian Cole                 50     0   2  3  
 2 Thomas Harley            Tyler Myers              50     0   2  3  

Last Minutes Offensive
   Center                   Left Wing                Right Wing               Defense                  Defense                  
   Tomas Hertl              Alex Ovechkin            Jason Robertson          Thomas Harley            Tom Wilson               

Last Minutes Defensive
   Center                   Left Wing                Right Wing               Defense                  Defense                  
   Nico Hischier            Sean Kuraly              Tom Wilson               Ian Cole                 Jamie Oleksiak           

Goaltenders
Starting : Jake Oettinger           
Backup : Calvin Pickard           

Extra Forwards
Normal : Fabian Zetterlund, Stefan Noesen, Sean Kuraly - PP : Owen Tippett, Stefan Noesen - PK : Tom Wilson
Extra Defensemen
Normal : Jamie Oleksiak, Nick Jensen, Tyler Myers - PP : Ian Cole - PK : Thomas Harley, Nick Jensen
Penalty Shots
Jason Robertson, Fabian Zetterlund, Owen Tippett, Alex Ovechkin, Drake Batherson

Scratches
Nick Foligno (Healthy)

Arizona Coyotes

5 vs 5 Forward 
   Center                   Left Wing                Right Wing               Time % Phy DF OF 
 1 Charlie Coyle            Ryan Donato              Tyler Seguin             30     0   2  3  
 2 Aliaksei Protas          Mats Zuccarello          Kiefer Sherwood          30     0   2  3  
 3 Mason McTavish           Tyler Bertuzzi           Ondrej Palat             25     1   1  3  
 4 Erik Haula               Brock McGinn             Charlie Coyle            15     1   1  3  

5 vs 5 Defense 
   Defense                  Defense                                           Time % Phy DF OF 
 1 Radko Gudas              Johnathan Kovacevic                               30     1   3  1  
 2 Brayden McNabb           Jared Spurgeon                                    30     1   3  1  
 3 Anthony DeAngelo         Jani Hakanpaa                                     25     2   3  0  
 4 Matt Dumba               Radko Gudas                                       15     2   3  0  

PowerPlay Forward 
   Center                   Left Wing                Right Wing               Time % Phy DF OF 
 1 Charlie Coyle            Ryan Donato              Tyler Seguin             50     1   1  3  
 2 Aliaksei Protas          Mats Zuccarello          Kiefer Sherwood          50     1   1  3  

PowerPlay Defense
   Defense                  Defense                                           Time % Phy DF OF 
 1 Radko Gudas              Johnathan Kovacevic                               50     1   2  2  
 2 Brayden McNabb           Jared Spurgeon                                    50     1   2  2  

Penalty Kill 4 Players Forward 
   Center                   Wing                     Time % Phy DF OF 
 1 Charlie Coyle            Tyler Seguin             50     1   3  1  
 2 Ryan Donato              Aliaksei Protas          50     1   3  1  

Penalty Kill 4 Players Defense
   Defense                  Defense                  Time % Phy DF OF 
 1 Radko Gudas              Johnathan Kovacevic      50     1   3  1  
 2 Brayden McNabb           Jared Spurgeon           50     1   3  1  

Penalty Kill - 3 Players Forward 
   Forward                                           Time % Phy DF OF 
 1 Charlie Coyle                                     50     1   3  1  
 2 Tyler Seguin                                      50     1   3  1  

Penalty Kill - 3 Players Defense
   Defense                  Defense                  Time % Phy DF OF 
 1 Radko Gudas              Johnathan Kovacevic      50     1   2  2  
 2 Brayden McNabb           Jared Spurgeon           50     1   2  2  

4 vs 4 Forward 
   Center                   Wing                     Time % Phy DF OF 
 1 Charlie Coyle            Tyler Seguin             50     1   1  3  
 2 Ryan Donato              Aliaksei Protas          50     1   1  3  

4 vs 4 Defense
   Defense                  Defense                  Time % Phy DF OF 
 1 Radko Gudas              Johnathan Kovacevic      50     0   2  3  
 2 Brayden McNabb           Jared Spurgeon           50     0   2  3  

Last Minutes Offensive
   Center                   Left Wing                Right Wing               Defense                  Defense                  
   Charlie Coyle            Ryan Donato              Tyler Seguin             Radko Gudas              Johnathan Kovacevic      

Last Minutes Defensive
   Center                   Left Wing                Right Wing               Defense                  Defense                  
   Charlie Coyle            Ryan Donato              Tyler Seguin             Radko Gudas              Johnathan Kovacevic      

Goaltenders
Starting : Elvis Merzlikins         
Backup : Tristan Jarry            

Extra Forwards
Normal : Mason McTavish, Tyler Bertuzzi, Erik Haula - PP : Mason McTavish, Tyler Bertuzzi - PK : Erik Haula
Extra Defensemen
Normal : Anthony DeAngelo, Jani Hakanpaa, Matt Dumba - PP : Anthony DeAngelo - PK : Jani Hakanpaa, Matt Dumba
Penalty Shots
Charlie Coyle, Tyler Seguin, Ryan Donato, Aliaksei Protas, Mats Zuccarello

Scratches
Ross Colton (Healthy)

% Time on Ice - Washington Capitals

Lines # - Real PCT - Wanted PCT - Time Play
Normal Forward
1 - 33% - 33% - 16:04
2 - 29% - 31% - 13:57
3 - 22% - 25% - 10:55
4 - 16% - 11% - 7:38
Normal Defense
1 - 39% - 38% - 18:50
2 - 36% - 35% - 17:29
3 - 25% - 27% - 12:15
4 - 0% - 0% - 0:00
PP Forward
1 - 50% - 50% - 4:23
2 - 50% - 50% - 4:21
PP Defense
1 - 49% - 50% - 4:18
2 - 51% - 50% - 4:26
PK Forward
1 - 51% - 50% - 1:22
2 - 49% - 50% - 1:20
PK Defense
1 - 54% - 50% - 1:27
2 - 46% - 50% - 1:15
PK3 Forward
1 - 0% - 50%
2 - 0% - 50%
PK3 Defense
1 - 0% - 50%
2 - 0% - 50%
44 Forward
1 - 0% - 50%
2 - 0% - 50%
44 Defense
1 - 0% - 50%
2 - 0% - 50%
Last Minute Offensive  - 0:00
Last Minute Defensive  - 0:00
Total
Forward - 60:00
Defense - 60:00

% Time on Ice - Arizona Coyotes

Lines # - Real PCT - Wanted PCT - Time Play
Normal Forward
1 - 30% - 30% - 14:26
2 - 31% - 30% - 15:05
3 - 26% - 25% - 12:49
4 - 13% - 15% - 6:14
Normal Defense
1 - 31% - 30% - 14:51
2 - 31% - 30% - 14:51
3 - 26% - 25% - 12:28
4 - 13% - 15% - 6:24
PP Forward
1 - 44% - 50% - 1:11
2 - 56% - 50% - 1:31
PP Defense
1 - 50% - 50% - 1:21
2 - 50% - 50% - 1:21
PK Forward
1 - 50% - 50% - 4:24
2 - 50% - 50% - 4:20
PK Defense
1 - 49% - 50% - 4:15
2 - 51% - 50% - 4:29
PK3 Forward
1 - 0% - 50%
2 - 0% - 50%
PK3 Defense
1 - 0% - 50%
2 - 0% - 50%
44 Forward
1 - 0% - 50%
2 - 0% - 50%
44 Defense
1 - 0% - 50%
2 - 0% - 50%
Last Minute Offensive  - 0:00
Last Minute Defensive  - 0:00
Total
Forward - 60:00
Defense - 60:00

Play-by-Play

1st period


0:01 of 1st period - Ryan Donato wins face-off versus Nico Hischier in neutral zone.
0:31 of 1st period - Slapshot by Aliaksei Protas.
0:31 of 1st period - Stopped by Jake Oettinger without a rebound.
0:32 of 1st period - Lars Eller wins face-off versus Mason McTavish in Washington Capitals zone.
0:32 of 1st period - Lars Eller is hit by Brayden McNabb.
1:00 of 1st period - Icing by Tyler Myers.
1:01 of 1st period - Brock McGinn wins face-off versus Sean Kuraly in Washington Capitals zone.
1:08 of 1st period - Snap shot by Erik Haula.
1:08 of 1st period - Shot Blocked by Stefan Noesen.
1:28 of 1st period - Jamie Oleksiak is hit by Erik Haula and loses puck.
1:45 of 1st period - Snap shot by Charlie Coyle.
1:45 of 1st period - Stopped by Jake Oettinger without a rebound.
1:46 of 1st period - Jason Robertson wins face-off versus Aliaksei Protas in Washington Capitals zone.
2:24 of 1st period - Snap shot by Tom Wilson.
2:24 of 1st period - Goal by Tom Wilson - Washington Capitals : 1 - Arizona Coyotes : 0.
2:25 of 1st period - Owen Tippett wins face-off versus Charlie Coyle in neutral zone.
2:32 of 1st period - Snap shot by Ryan Donato.
2:32 of 1st period - Stopped by Jake Oettinger with a rebound.
2:34 of 1st period - Slapshot by Brayden McNabb.
2:34 of 1st period - Shot Misses the Net.
2:36 of 1st period - Snap shot by Brayden McNabb.
2:36 of 1st period - Shot Blocked by Ian Cole.
2:51 of 1st period - Minor Penalty to Brayden McNabb for Hooking.
2:52 of 1st period - Charlie Coyle wins face-off versus Nico Hischier in Arizona Coyotes zone.
3:29 of 1st period - Johnathan Kovacevic is hit by Owen Tippett and loses puck.
3:46 of 1st period - Wrist shot by Tyler Seguin.
3:46 of 1st period - Shot Misses the Net.
3:48 of 1st period - Wrist shot by Aliaksei Protas.
3:48 of 1st period - Deflect By Tom Wilson.
3:48 of 1st period - Shot Misses the Net.
3:48 of 1st period - Puck is out of play.
3:49 of 1st period - Ryan Donato wins face-off versus Nico Hischier in Washington Capitals zone.
4:51 of 1st period - Penalty to Brayden McNabb is over, Brayden McNabb is back on ice.
5:07 of 1st period - Johnathan Kovacevic is hit by Sean Kuraly and loses puck.
5:24 of 1st period - Slapshot by Owen Tippett.
5:24 of 1st period - Shot Misses the Net.
6:00 of 1st period - Jamie Oleksiak is hit by Radko Gudas.
7:36 of 1st period - Nick Jensen is hit by Erik Haula and loses puck.
7:50 of 1st period - Off-side.
7:51 of 1st period - Nico Hischier wins face-off versus Mason McTavish in neutral zone.
7:59 of 1st period - Snap shot by Ondrej Palat.
7:59 of 1st period - Deflect By Tyler Bertuzzi.
7:59 of 1st period - Stopped by Jake Oettinger with a rebound.
8:01 of 1st period - Slapshot by Radko Gudas.
8:01 of 1st period - Stopped by Jake Oettinger without a rebound.
8:02 of 1st period - Nico Hischier wins face-off versus Aliaksei Protas in Washington Capitals zone.
8:04 of 1st period - Minor Penalty to Tom Wilson for Hooking.
8:05 of 1st period - Lars Eller wins face-off versus Charlie Coyle in Washington Capitals zone.
8:19 of 1st period - Slapshot by Owen Tippett.
8:19 of 1st period - Stopped by Elvis Merzlikins without a rebound.
8:20 of 1st period - Sean Kuraly wins face-off versus Aliaksei Protas in Arizona Coyotes zone.
8:25 of 1st period - Stefan Noesen is hit by Mats Zuccarello and loses puck.
8:50 of 1st period - Wrist shot by Ryan Donato.
8:50 of 1st period - Goal by Ryan Donato - Washington Capitals : 1 - Arizona Coyotes : 1.
8:51 of 1st period - Nico Hischier wins face-off versus Charlie Coyle in neutral zone.
9:06 of 1st period - Nico Hischier is hit by Johnathan Kovacevic and loses puck.
9:17 of 1st period - Johnathan Kovacevic is hit by Ian Cole and loses puck.
9:36 of 1st period - Wrist shot by Owen Tippett.
9:36 of 1st period - Shot Misses the Net.
9:38 of 1st period - Slapshot by Owen Tippett.
9:38 of 1st period - Shot Blocked by Brayden McNabb.
9:40 of 1st period - Slapshot by Tyler Myers.
9:40 of 1st period - Shot Blocked by Jared Spurgeon.
9:42 of 1st period - Wrist shot by Lars Eller.
9:42 of 1st period - Shot Misses the Net.
9:44 of 1st period - Wrist shot by James van Riemsdyk.
9:44 of 1st period - Shot Misses the Net.
9:46 of 1st period - Slapshot by Nick Jensen.
9:46 of 1st period - Shot Misses the Net.
9:48 of 1st period - Backhand shot by Lars Eller.
9:48 of 1st period - Stopped by Elvis Merzlikins with a rebound.
10:17 of 1st period - Off-side.
10:18 of 1st period - Nico Hischier wins face-off versus Mats Zuccarello in neutral zone.
10:23 of 1st period - Slapshot by Alex Ovechkin.
10:23 of 1st period - Stopped by Elvis Merzlikins without a rebound.
10:24 of 1st period - Charlie Coyle wins face-off versus Nico Hischier in Arizona Coyotes zone.
10:29 of 1st period - Tyler Seguin is hit by Ian Cole and loses puck.
11:02 of 1st period - Wrist shot by Mats Zuccarello.
11:02 of 1st period - Deflect By Aliaksei Protas.
11:02 of 1st period - Stopped by Jake Oettinger without a rebound.
11:03 of 1st period - Nico Hischier wins face-off versus Mason McTavish in Washington Capitals zone.
12:18 of 1st period - Off-side.
12:19 of 1st period - Mason McTavish wins face-off versus Nico Hischier in neutral zone.
12:26 of 1st period - Snap shot by Mason McTavish.
12:26 of 1st period - Shot Misses the Net.
12:34 of 1st period - Snap shot by Nico Hischier.
12:34 of 1st period - Stopped by Elvis Merzlikins without a rebound.
12:35 of 1st period - Tomas Hertl wins face-off versus Charlie Coyle in Arizona Coyotes zone.
12:36 of 1st period - Snap shot by Jason Robertson.
12:36 of 1st period - Shot Misses the Net.
12:50 of 1st period - Slapshot by Charlie Coyle.
12:50 of 1st period - Stopped by Jake Oettinger with a rebound.
13:49 of 1st period - Snap shot by Tom Wilson.
13:49 of 1st period - Stopped by Elvis Merzlikins without a rebound.
13:50 of 1st period - Lars Eller wins face-off versus Aliaksei Protas in Arizona Coyotes zone.
14:17 of 1st period - Tyler Seguin is hit by Jason Robertson and loses puck.
14:23 of 1st period - Off-side.
14:24 of 1st period - Tyler Seguin wins face-off versus Drake Batherson in neutral zone.
14:27 of 1st period - Jason Robertson is hit by Charlie Coyle and loses puck.
15:20 of 1st period - Snap shot by Tom Wilson.
15:20 of 1st period - Stopped by Elvis Merzlikins without a rebound.
15:21 of 1st period - Tomas Hertl wins face-off versus Charlie Coyle in Arizona Coyotes zone.
15:36 of 1st period - Slapshot by Ryan Donato.
15:36 of 1st period - Shot Misses the Net.
15:46 of 1st period - Tyler Myers is hit by Mason McTavish.
15:56 of 1st period - Snap shot by Tyler Bertuzzi.
15:56 of 1st period - Deflect By Ondrej Palat.
15:56 of 1st period - Shot Blocked by Ian Cole.
15:56 of 1st period - Puck is out of play.
15:57 of 1st period - Charlie Coyle wins face-off versus Lars Eller in Washington Capitals zone.
16:12 of 1st period - Charlie Coyle is hit by Owen Tippett and loses puck.
16:24 of 1st period - Icing by Ian Cole.
16:25 of 1st period - Lars Eller wins face-off versus Kiefer Sherwood in Washington Capitals zone.
16:52 of 1st period - Tyler Seguin is hit by Jason Robertson.
17:38 of 1st period - Snap shot by Fabian Zetterlund.
17:38 of 1st period - Stopped by Elvis Merzlikins without a rebound.
17:39 of 1st period - Nico Hischier wins face-off versus Aliaksei Protas in Arizona Coyotes zone.
17:50 of 1st period - Slapshot by Nico Hischier.
17:50 of 1st period - Shot Misses the Net.
17:52 of 1st period - Wrist shot by Nico Hischier.
17:52 of 1st period - Deflect By Alex Ovechkin.
17:52 of 1st period - Deflect By Mats Zuccarello.
17:52 of 1st period - Shot Blocked by Aliaksei Protas.
17:52 of 1st period - Puck is out of play.
17:53 of 1st period - Tomas Hertl wins face-off versus Charlie Coyle in Arizona Coyotes zone.
18:06 of 1st period - Wrist shot by Tyler Seguin.
18:06 of 1st period - Deflect By Ryan Donato.
18:06 of 1st period - Shot Misses the Net.
18:06 of 1st period - Puck is out of play.
18:07 of 1st period - Nico Hischier wins face-off versus Aliaksei Protas in Washington Capitals zone.
18:33 of 1st period - Charlie Coyle is hit by Tyler Myers and loses puck.
18:38 of 1st period - Snap shot by Owen Tippett.
18:38 of 1st period - Stopped by Elvis Merzlikins with a rebound.
18:56 of 1st period - Wrist shot by Mason McTavish.
18:56 of 1st period - Stopped by Jake Oettinger with a rebound.
19:02 of 1st period - Wrist shot by Tyler Bertuzzi.
19:02 of 1st period - Shot Misses the Net.
19:04 of 1st period - Slapshot by Mason McTavish.
19:04 of 1st period - Shot Misses the Net.
19:56 of 1st period - Snap shot by Owen Tippett.
19:56 of 1st period - Stopped by Elvis Merzlikins with a rebound.
19:58 of 1st period - Snap shot by James van Riemsdyk.
19:58 of 1st period - Goal by James van Riemsdyk - Washington Capitals : 2 - Arizona Coyotes : 1.
19:59 of 1st period - Ryan Donato wins face-off versus Nico Hischier in neutral zone.
Goals for this period are 2 for Washington Capitals vs 1 for Arizona Coyotes.
Shots for this period are 11 for Washington Capitals vs 9 for Arizona Coyotes.

2nd period


0:01 of 2nd period - Charlie Coyle wins face-off versus Nico Hischier in neutral zone.
0:28 of 2nd period - Slapshot by Owen Tippett.
0:28 of 2nd period - Stopped by Elvis Merzlikins with a rebound.
0:40 of 2nd period - Jared Spurgeon is hit by Owen Tippett and loses puck.
0:47 of 2nd period - Slapshot by Tyler Seguin.
0:47 of 2nd period - Shot Blocked by Nick Jensen.
0:49 of 2nd period - Snap shot by Tyler Seguin.
0:49 of 2nd period - Deflect By Drake Batherson.
0:49 of 2nd period - Shot Blocked by Jamie Oleksiak.
0:49 of 2nd period - Puck is out of play.
0:50 of 2nd period - Aliaksei Protas wins face-off versus Tomas Hertl in Washington Capitals zone.
1:03 of 2nd period - Snap shot by Aliaksei Protas.
1:03 of 2nd period - Stopped by Jake Oettinger with a rebound.
1:05 of 2nd period - Snap shot by Radko Gudas.
1:05 of 2nd period - Shot Misses the Net.
1:26 of 2nd period - Slapshot by Alex Ovechkin.
1:26 of 2nd period - Shot Misses the Net.
2:00 of 2nd period - Snap shot by Fabian Zetterlund.
2:00 of 2nd period - Stopped by Elvis Merzlikins without a rebound.
2:01 of 2nd period - Tomas Hertl wins face-off versus Mason McTavish in Arizona Coyotes zone.
2:10 of 2nd period - Wrist shot by Drake Batherson.
2:10 of 2nd period - Shot Blocked by Tyler Bertuzzi.
2:12 of 2nd period - Snap shot by Jason Robertson.
2:12 of 2nd period - Shot Misses the Net.
2:14 of 2nd period - Slapshot by Nick Jensen.
2:14 of 2nd period - Stopped by Elvis Merzlikins without a rebound.
2:15 of 2nd period - Nico Hischier wins face-off versus Charlie Coyle in Arizona Coyotes zone.
3:13 of 2nd period - Wrist shot by Aliaksei Protas.
3:13 of 2nd period - Shot Misses the Net.
3:30 of 2nd period - Slapshot by John Carlson.
3:30 of 2nd period - Stopped by Elvis Merzlikins with a rebound.
4:14 of 2nd period - Snap shot by Jason Robertson.
4:14 of 2nd period - Shot Misses the Net.
4:51 of 2nd period - Slapshot by Alex Ovechkin.
4:51 of 2nd period - Shot Misses the Net.
4:53 of 2nd period - Wrist shot by Alex Ovechkin.
4:53 of 2nd period - Stopped by Elvis Merzlikins with a rebound.
5:31 of 2nd period - Slapshot by Ryan Donato.
5:31 of 2nd period - Shot Misses the Net.
5:33 of 2nd period - Snap shot by Jani Hakanpaa.
5:33 of 2nd period - Stopped by Jake Oettinger without a rebound.
5:34 of 2nd period - Lars Eller wins face-off versus Mason McTavish in Washington Capitals zone.
5:45 of 2nd period - Slapshot by John Carlson.
5:45 of 2nd period - Shot Blocked by Tyler Bertuzzi.
6:11 of 2nd period - Snap shot by John Carlson.
6:11 of 2nd period - Shot Misses the Net.
6:25 of 2nd period - Wrist shot by Tomas Hertl.
6:25 of 2nd period - Shot Blocked by Jared Spurgeon.
6:27 of 2nd period - Snap shot by Drake Batherson.
6:27 of 2nd period - Goal by Drake Batherson - Washington Capitals : 3 - Arizona Coyotes : 1.
6:27 of 2nd period - Tristan Jarry enters game.
6:28 of 2nd period - Charlie Coyle wins face-off versus Tomas Hertl in neutral zone.
6:33 of 2nd period - Snap shot by Tyler Seguin.
6:33 of 2nd period - Stopped by Jake Oettinger without a rebound.
6:34 of 2nd period - Tomas Hertl wins face-off versus Charlie Coyle in Washington Capitals zone.
6:47 of 2nd period - Wrist shot by Charlie Coyle.
6:47 of 2nd period - Shot Misses the Net.
6:49 of 2nd period - Snap shot by Charlie Coyle.
6:49 of 2nd period - Shot Blocked by Jason Robertson.
7:07 of 2nd period - Backhand shot by Alex Ovechkin.
7:07 of 2nd period - Shot Misses the Net.
7:09 of 2nd period - Slapshot by Tyler Myers.
7:09 of 2nd period - Stopped by Tristan Jarry without a rebound.
7:10 of 2nd period - Tomas Hertl wins face-off versus Charlie Coyle in Arizona Coyotes zone.
7:24 of 2nd period - Slapshot by John Carlson.
7:24 of 2nd period - Shot Misses the Net.
7:42 of 2nd period - Lars Eller is hit by Radko Gudas and loses puck.
8:01 of 2nd period - Slapshot by Tyler Seguin.
8:01 of 2nd period - Shot Misses the Net.
8:03 of 2nd period - Slapshot by Charlie Coyle.
8:03 of 2nd period - Shot Blocked by Ian Cole.
8:05 of 2nd period - Snap shot by Ryan Donato.
8:05 of 2nd period - Stopped by Jake Oettinger without a rebound.
8:06 of 2nd period - Nico Hischier wins face-off versus Mats Zuccarello in Washington Capitals zone.
8:06 of 2nd period - Nico Hischier is hit by Mats Zuccarello.
8:21 of 2nd period - Minor Penalty to Brayden McNabb for Tripping.
8:22 of 2nd period - Tomas Hertl wins face-off versus Ryan Donato in Arizona Coyotes zone.
8:52 of 2nd period - Off-side.
8:53 of 2nd period - Charlie Coyle wins face-off versus Nico Hischier in neutral zone.
9:20 of 2nd period - Slapshot by Owen Tippett.
9:20 of 2nd period - Shot Misses the Net.
10:21 of 2nd period - Penalty to Brayden McNabb is over, Brayden McNabb is back on ice.
10:31 of 2nd period - Tyler Myers is hit by Ondrej Palat and loses puck.
10:58 of 2nd period - Thomas Harley is hit by Mats Zuccarello and loses puck.
12:01 of 2nd period - Snap shot by Lars Eller.
12:01 of 2nd period - Shot Blocked by Anthony DeAngelo.
12:03 of 2nd period - Slapshot by Owen Tippett.
12:03 of 2nd period - Shot Misses the Net.
12:37 of 2nd period - Brock McGinn is hit by Tom Wilson and loses puck.
13:17 of 2nd period - Kiefer Sherwood is hit by Jamie Oleksiak and loses puck.
13:24 of 2nd period - Mats Zuccarello is hit by Fabian Zetterlund and loses puck.
14:01 of 2nd period - Ondrej Palat is hit by Lars Eller and loses puck.
14:08 of 2nd period - Slapshot by Owen Tippett.
14:08 of 2nd period - Shot Misses the Net.
14:10 of 2nd period - Wrist shot by Owen Tippett.
14:10 of 2nd period - Deflect By Lars Eller.
14:10 of 2nd period - Shot Misses the Net.
14:10 of 2nd period - Puck is out of play.
14:11 of 2nd period - Tyler Seguin wins face-off versus Nico Hischier in Arizona Coyotes zone.
14:16 of 2nd period - Ryan Donato is hit by Tom Wilson and loses puck.
14:33 of 2nd period - Mats Zuccarello is hit by Tomas Hertl and loses puck.
14:44 of 2nd period - Tyler Myers is hit by Kiefer Sherwood and loses puck.
15:18 of 2nd period - Nick Jensen is hit by Charlie Coyle and loses puck.
15:29 of 2nd period - Snap shot by Tom Wilson.
15:29 of 2nd period - Stopped by Tristan Jarry with a rebound.
15:36 of 2nd period - Icing by Charlie Coyle.
15:37 of 2nd period - Sean Kuraly wins face-off versus Charlie Coyle in Arizona Coyotes zone.
15:38 of 2nd period - Snap shot by Fabian Zetterlund.
15:38 of 2nd period - Stopped by Tristan Jarry without a rebound.
15:39 of 2nd period - Aliaksei Protas wins face-off versus Tomas Hertl in Arizona Coyotes zone.
15:44 of 2nd period - Snap shot by Drake Batherson.
15:44 of 2nd period - Stopped by Tristan Jarry with a rebound.
15:46 of 2nd period - Snap shot by Tomas Hertl.
15:46 of 2nd period - Shot Misses the Net.
15:48 of 2nd period - Snap shot by Drake Batherson.
15:48 of 2nd period - Stopped by Tristan Jarry with a rebound.
15:50 of 2nd period - Slapshot by Ian Cole.
15:50 of 2nd period - Stopped by Tristan Jarry with a rebound.
15:52 of 2nd period - Slapshot by John Carlson.
15:52 of 2nd period - Shot Blocked by Radko Gudas.
15:54 of 2nd period - Wrist shot by Jason Robertson.
15:54 of 2nd period - Stopped by Tristan Jarry without a rebound.
15:55 of 2nd period - Tyler Seguin wins face-off versus Nico Hischier in Arizona Coyotes zone.
16:05 of 2nd period - Off-side.
16:06 of 2nd period - Nico Hischier wins face-off versus Aliaksei Protas in neutral zone.
17:08 of 2nd period - Wrist shot by Thomas Harley.
17:08 of 2nd period - Stopped by Tristan Jarry without a rebound.
17:09 of 2nd period - Alex Ovechkin wins face-off versus Aliaksei Protas in Arizona Coyotes zone.
17:32 of 2nd period - Minor Penalty to Jared Spurgeon for Roughing.
17:33 of 2nd period - Tomas Hertl wins face-off versus Charlie Coyle in Arizona Coyotes zone.
17:38 of 2nd period - Wrist shot by Drake Batherson.
17:38 of 2nd period - Stopped by Tristan Jarry with a rebound.
17:46 of 2nd period - Wrist shot by Tyler Seguin.
17:46 of 2nd period - Deflect By Charlie Coyle.
17:46 of 2nd period - Stopped by Jake Oettinger without a rebound.
17:47 of 2nd period - Ryan Donato wins face-off versus Nico Hischier in Washington Capitals zone.
19:32 of 2nd period - Penalty to Jared Spurgeon is over, Jared Spurgeon is back on ice.
19:46 of 2nd period - Off-side.
19:47 of 2nd period - Stefan Noesen wins face-off versus Mason McTavish in neutral zone.
Goals for this period are 1 for Washington Capitals vs 0 for Arizona Coyotes.
Shots for this period are 15 for Washington Capitals vs 5 for Arizona Coyotes.

3rd period


0:01 of 3rd period - Tomas Hertl wins face-off versus Erik Haula in neutral zone.
0:15 of 3rd period - Off-side.
0:16 of 3rd period - Nico Hischier wins face-off versus Aliaksei Protas in neutral zone.
0:21 of 3rd period - Slapshot by John Carlson.
0:21 of 3rd period - Deflect By Alex Ovechkin.
0:21 of 3rd period - Stopped by Tristan Jarry without a rebound.
0:22 of 3rd period - Tom Wilson wins face-off versus Aliaksei Protas in Arizona Coyotes zone.
0:39 of 3rd period - Kiefer Sherwood is hit by Alex Ovechkin and loses puck.
0:49 of 3rd period - Johnathan Kovacevic is hit by John Carlson and loses puck.
1:14 of 3rd period - Johnathan Kovacevic is hit by Ian Cole and loses puck.
1:41 of 3rd period - Off-side.
1:42 of 3rd period - Charlie Coyle wins face-off versus Tomas Hertl in neutral zone.
1:55 of 3rd period - Snap shot by Thomas Harley.
1:55 of 3rd period - Shot Misses the Net.
2:31 of 3rd period - Erik Haula is hit by Stefan Noesen and loses puck.
2:58 of 3rd period - Minor Penalty to Anthony DeAngelo for Tripping.
2:59 of 3rd period - Tomas Hertl wins face-off versus Ryan Donato in Arizona Coyotes zone.
3:13 of 3rd period - Slapshot by Drake Batherson.
3:13 of 3rd period - Shot Blocked by Johnathan Kovacevic.
3:35 of 3rd period - Slapshot by Owen Tippett.
3:35 of 3rd period - Shot Blocked by Brayden McNabb.
4:49 of 3rd period - Brayden McNabb is hit by Tom Wilson and loses puck.
4:58 of 3rd period - Penalty to Anthony DeAngelo is over, Anthony DeAngelo is back on ice.
5:10 of 3rd period - Slapshot by Thomas Harley.
5:10 of 3rd period - Deflect By Sean Kuraly.
5:10 of 3rd period - Stopped by Tristan Jarry with a rebound.
6:07 of 3rd period - Alex Ovechkin is hit by Anthony DeAngelo and loses puck.
6:12 of 3rd period - Snap shot by Ryan Donato.
6:12 of 3rd period - Stopped by Jake Oettinger with a rebound.
6:14 of 3rd period - Slapshot by Erik Haula.
6:14 of 3rd period - Shot Misses the Net.
6:16 of 3rd period - Wrist shot by Ryan Donato.
6:16 of 3rd period - Goal by Ryan Donato - Washington Capitals : 3 - Arizona Coyotes : 2.
6:17 of 3rd period - Tomas Hertl wins face-off versus Aliaksei Protas in neutral zone.
6:20 of 3rd period - Kiefer Sherwood is hit by Jason Robertson.
6:32 of 3rd period - Snap shot by Aliaksei Protas.
6:32 of 3rd period - Stopped by Jake Oettinger with a rebound.
7:09 of 3rd period - Slapshot by Tyler Bertuzzi.
7:09 of 3rd period - Stopped by Jake Oettinger without a rebound.
7:10 of 3rd period - Tomas Hertl wins face-off versus Charlie Coyle in Washington Capitals zone.
7:43 of 3rd period - Snap shot by Lars Eller.
7:43 of 3rd period - Shot Blocked by Radko Gudas.
7:45 of 3rd period - Slapshot by Tyler Myers.
7:45 of 3rd period - Stopped by Tristan Jarry without a rebound.
7:46 of 3rd period - Charlie Coyle wins face-off versus Alex Ovechkin in Arizona Coyotes zone.
8:23 of 3rd period - Charlie Coyle is hit by James van Riemsdyk and loses puck.
8:40 of 3rd period - Slapshot by Ian Cole.
8:40 of 3rd period - Shot Misses the Net.
8:58 of 3rd period - Tyler Myers is hit by Aliaksei Protas and loses puck.
9:19 of 3rd period - Wrist shot by Ondrej Palat.
9:19 of 3rd period - Shot Misses the Net.
9:21 of 3rd period - Wrist shot by Ondrej Palat.
9:21 of 3rd period - Stopped by Jake Oettinger without a rebound.
9:22 of 3rd period - Tomas Hertl wins face-off versus Aliaksei Protas in Washington Capitals zone.
9:50 of 3rd period - Snap shot by Tyler Bertuzzi.
9:50 of 3rd period - Shot Blocked by Nick Jensen.
9:56 of 3rd period - Snap shot by James van Riemsdyk.
9:56 of 3rd period - Shot Misses the Net.
10:12 of 3rd period - Thomas Harley is hit by Matt Dumba.
10:28 of 3rd period - Mats Zuccarello is hit by Thomas Harley and loses puck.
10:47 of 3rd period - Aliaksei Protas is hit by Drake Batherson and loses puck.
11:02 of 3rd period - Minor Penalty to Brayden McNabb for Hooking.
11:03 of 3rd period - Nico Hischier wins face-off versus Charlie Coyle in Arizona Coyotes zone.
11:04 of 3rd period - Snap shot by Alex Ovechkin.
11:04 of 3rd period - Shot Misses the Net.
11:18 of 3rd period - Wrist shot by Charlie Coyle.
11:18 of 3rd period - Stopped by Jake Oettinger without a rebound.
11:19 of 3rd period - Charlie Coyle wins face-off versus Tomas Hertl in Washington Capitals zone.
11:44 of 3rd period - Slapshot by Tom Wilson.
11:44 of 3rd period - Deflect By Alex Ovechkin.
11:44 of 3rd period - Stopped by Tristan Jarry with a rebound.
11:46 of 3rd period - Slapshot by John Carlson.
11:46 of 3rd period - Shot Misses the Net.
11:48 of 3rd period - Snap shot by Nico Hischier.
11:48 of 3rd period - Shot Blocked by Jared Spurgeon.
11:50 of 3rd period - Snap shot by Alex Ovechkin.
11:50 of 3rd period - Goal by Alex Ovechkin - Washington Capitals : 4 - Arizona Coyotes : 2.
11:51 of 3rd period - Charlie Coyle wins face-off versus Jason Robertson in neutral zone.
11:58 of 3rd period - Slapshot by Charlie Coyle.
11:58 of 3rd period - Shot Misses the Net.
12:00 of 3rd period - Wrist shot by Johnathan Kovacevic.
12:00 of 3rd period - Deflect By Charlie Coyle.
12:00 of 3rd period - Shot Blocked by Tyler Myers.
12:00 of 3rd period - Puck is out of play.
12:01 of 3rd period - Charlie Coyle wins face-off versus Jason Robertson in Washington Capitals zone.
12:06 of 3rd period - Snap shot by Tyler Seguin.
12:06 of 3rd period - Shot Misses the Net.
12:08 of 3rd period - Wrist shot by Charlie Coyle.
12:08 of 3rd period - Stopped by Jake Oettinger without a rebound.
12:09 of 3rd period - Tomas Hertl wins face-off versus Erik Haula in Washington Capitals zone.
12:09 of 3rd period - Tomas Hertl is hit by Brock McGinn.
12:17 of 3rd period - Snap shot by Drake Batherson.
12:17 of 3rd period - Shot Misses the Net.
12:35 of 3rd period - Ian Cole is hit by Mason McTavish and loses puck.
12:59 of 3rd period - Slapshot by Kiefer Sherwood.
12:59 of 3rd period - Deflect By Mats Zuccarello.
12:59 of 3rd period - Stopped by Jake Oettinger with a rebound.
13:27 of 3rd period - Wrist shot by Charlie Coyle.
13:27 of 3rd period - Stopped by Jake Oettinger with a rebound.
13:42 of 3rd period - Wrist shot by Thomas Harley.
13:42 of 3rd period - Stopped by Tristan Jarry with a rebound.
14:02 of 3rd period - Erik Haula is hit by Tom Wilson and loses puck.
14:20 of 3rd period - Snap shot by Mats Zuccarello.
14:20 of 3rd period - Stopped by Jake Oettinger without a rebound.
14:21 of 3rd period - Lars Eller wins face-off versus Mason McTavish in Washington Capitals zone.
14:57 of 3rd period - Icing by Ian Cole.
14:58 of 3rd period - Charlie Coyle wins face-off versus Nico Hischier in Washington Capitals zone.
15:29 of 3rd period - Slapshot by Ian Cole.
15:29 of 3rd period - Shot Misses the Net.
15:41 of 3rd period - Snap shot by Owen Tippett.
15:41 of 3rd period - Goal by Owen Tippett - Washington Capitals : 5 - Arizona Coyotes : 2.
15:42 of 3rd period - Tomas Hertl wins face-off versus Charlie Coyle in neutral zone.
16:09 of 3rd period - Mats Zuccarello is hit by Tom Wilson and loses puck.
16:20 of 3rd period - Snap shot by Aliaksei Protas.
16:20 of 3rd period - Shot Misses the Net.
16:56 of 3rd period - Snap shot by Charlie Coyle.
16:56 of 3rd period - Stopped by Jake Oettinger with a rebound.
16:58 of 3rd period - Snap shot by Brock McGinn.
16:58 of 3rd period - Shot Misses the Net.
17:10 of 3rd period - Jason Robertson is hit by Jani Hakanpaa and loses puck.
17:30 of 3rd period - Off-side.
17:31 of 3rd period - Mason McTavish wins face-off versus Tom Wilson in neutral zone.
17:40 of 3rd period - Snap shot by Tyler Bertuzzi.
17:40 of 3rd period - Deflect By Alex Ovechkin.
17:40 of 3rd period - Stopped by Jake Oettinger with a rebound.
17:42 of 3rd period - Slapshot by Radko Gudas.
17:42 of 3rd period - Stopped by Jake Oettinger with a rebound.
17:44 of 3rd period - Wrist shot by Tyler Bertuzzi.
17:44 of 3rd period - Shot Misses the Net.
17:46 of 3rd period - Slapshot by Johnathan Kovacevic.
17:46 of 3rd period - Stopped by Jake Oettinger with a rebound.
17:56 of 3rd period - Tom Wilson is hit by Tyler Seguin and loses puck.
18:01 of 3rd period - Snap shot by Tyler Seguin.
18:01 of 3rd period - Stopped by Jake Oettinger with a rebound.
18:03 of 3rd period - Minor Penalty to Ian Cole for Hooking.
18:04 of 3rd period - Sean Kuraly wins face-off versus Aliaksei Protas in Washington Capitals zone.
18:39 of 3rd period - Slapshot by Sean Kuraly.
18:39 of 3rd period - Shot Blocked by Jared Spurgeon.
18:51 of 3rd period - Jamie Oleksiak is hit by Brayden McNabb and loses puck.
Goals for this period are 2 for Washington Capitals vs 1 for Arizona Coyotes.
Shots for this period are 7 for Washington Capitals vs 15 for Arizona Coyotes.